 Dungeon Crawl Stone Soup version 0.30-a0-800-g7c544603b3 (webtiles) character file.

Game seed: 2019549023200477555

68 LordRotharoth the Covered (level 4, 0/29 HPs)
             Began as a Gargoyle Fighter on Jan 20, 2023.
             Slain by a gnoll
             ... wielding a +0 club
              (1 damage)
             ... on level 2 of the Dungeon on Feb 21, 2023.
             The game lasted 00:06:22 (1321 turns).

LordRotharoth the Covered (Gargoyle Fighter)        Turns: 1321, Time: 00:06:23

Health: 0/29       AC: 11    Str: 21    XL:     4   Next: 19%
Magic:  4/4        EV:  9    Int:  9    God:
Gold:   68         SH:  4    Dex:  9    Spells: 3/3 levels left

rFire   . . .      SeeInvis .    a - +1 flail
rCold   . . .      Faith    .    c - +0 buckler
rNeg    + . .      Spirit   .    b - +0 scale mail
rPois   ∞          Reflect  .    h - +0 helmet
rElec   +          Harm     .    (no cloak)
rCorr   .          Rampage  .    (no gloves)
Will    .....                    (no boots) Stlth
                                 (no amulet)
HPRegen 0.24/turn                (no ring)
MPRegen 0.09/turn                (no ring)

@: no status effects
A: sickness immunity, AC +3, negative energy resistance 1, electricity
resistance, torment resistance 1, petrification resistance
a: no special abilities


You were on level 2 of the Dungeon.
You visited 1 branch of the dungeon, and saw 2 of its levels.

You collected 68 gold pieces.

Inventory:

Hand Weapons
 a - a +1 flail (weapon)
Armour
 b - a +0 scale mail (worn)
 c - a +0 buckler (worn)
 e - an orb of guile
 h - a +0 helmet (worn)
Magical Staves
 f - a staff of earth
Potions
 d - a potion of might
 g - a potion of brilliance


   Skills:
 + Level 3.8 Fighting
 + Level 2.5 Maces & Flails
 + Level 4.1 Armour
 + Level 4.0 Shields


You had 3 spell levels left.
You didn't know any spells.
Your spell library contained the following spells:

 Spells                   Type           Power      Damage    Failure   Level
 Blink                    Tloc           0%         N/A       91%         2
 Lesser Beckoning         Tloc           0%         N/A       91%         2
 Momentum Strike          Conj/Tloc      0%         3d8       91%         2


Dungeon Overview and Level Annotations

Branches:
Dungeon (2/15)

Altars:
Sif Muna


Innate Abilities, Weirdness & Mutations

You are immune to sickness and miasma.
Your stone body is resilient. (AC +3)
You are immune to poison.
You resist negative energy. (rN+)
You are resistant to electric shocks. (rElec)
You are resistant to unholy torment.
You are immune to petrification.


Message History

Unknown command.
You sock the gnoll!
The gnoll is heavily wounded.
The bat closely misses you. The bat barely misses you.
The bat hits you but does no damage. The gnoll hits you but does no damage.
You barely miss the gnoll.
The gnoll is heavily wounded.
The bat hits you but does no damage. The gnoll hits you with a +0 club.
The gnoll closely misses you.
Unknown command.
You closely miss the gnoll.
The gnoll is heavily wounded.
The bat closely misses you. The bat hits you but does no damage.
The gnoll hits you with a +0 club.
Unknown command.
You closely miss the gnoll.
The gnoll is heavily wounded.
The bat hits you but does no damage. x2; The gnoll hits you with a +0 club.
Unknown command.
You barely miss the gnoll.
The gnoll is heavily wounded.
The bat closely misses you. The gnoll hits you but does no damage.
The gnoll hits you with a +0 club.
* * * LOW HITPOINT WARNING * * *
Unknown command.
You hit the gnoll.
The gnoll is severely wounded.
The bat hits you but does no damage. The gnoll hits you with a +0 club.
* * * LOW HITPOINT WARNING * * *
Unknown command.
You hit the gnoll but do no damage.
The gnoll is severely wounded.
The bat hits you but does no damage. The gnoll hits you with a +0 club.
* * * LOW HITPOINT WARNING * * *
Unknown command.
Okay, then.
You don't know any spells.
Unknown command.
The gnoll attacks as you move away! The gnoll hits you with a +0 club.
You die...

.###......####..........
....<.########....#.....
..##.### #..........!...
##.....# #..............
.......####.............<
##.............(.b.......
...............b.#.......
.......#........##.......
.............##)@#.......
......######..##g........
#..#### ##.####.......
..## ###...####..... #.#
#.............. ..##
###.###.####.....
...######...# .# ..
...#......### .. #
.....###### ..#


You could see a gnoll and a bat.

Vanquished Creatures
  2 gnolls (D:2)
  6 ball pythons
  6 bats
  3 endoplasms (D:1)
  A giant cockroach (D:1)
  6 goblins
  4 hobgoblins
  3 jackals (D:1)
  6 kobolds
  A quokka (D:1)
  2 frilled lizards (D:1)
  2 rats (D:1)
42 creatures vanquished.

Notes
Turn   | Place    | Note
-------+----------+-------------------------------------------
     0 | D:1      | LordRotharoth the Gargoyle Fighter began the quest for the
                  | Orb.
     0 | D:1      | Reached XP level 1. HP: 14/14 MP: 1/1
   125 | D:1      | Upgraded the game from 0.30-a0-696-g2367cd04db to
                  | 0.30-a0-800-g7c544603b3
   194 | D:1      | Reached XP level 2. HP: 19/19 MP: 2/2
   536 | D:1      | Reached XP level 3. HP: 24/24 MP: 3/3
   634 | D:1      | Found a faded altar of an unknown god.
   954 | D:2      | Found a shimmering blue altar of Sif Muna.
  1305 | D:2      | Reached XP level 4. HP: 19/29 MP: 4/4
  1320 | D:2      | HP: 1/29 [gnoll/+0 club (3)]
  1321 | D:2      | Slain by a gnoll

Illustrated notes

Levels and vault maps discovered:
D:1:      lemuel_arrival_tunnels, layout_loops_ring,
          hellmonk_ecumenical_altar_zigzags, st_stairs_6, minmay_crystal_room
D:2:      layout_rooms, basic_altar

Skill      XL: |  1  2  3 |
---------------+----------+-----
Shields        | 4 |  4.0
Armour         | 4 |  4.1
Fighting       | |  3.8
Maces & Flails | |  2.5

Action                     |  1- 3 |  4- 6 || total
---------------------------+-------+-------++-------
  Melee: Flail             |    92 |    15 ||   107
    Use: Scroll            |     5 |       ||     5
         Potion            |     3 |       ||     3
 Armour: Scale mail        |    60 |    23 ||    83
  Dodge: Dodged            |    68 |    13 ||    81
  Block: Buckler           |    22 |     5 ||    27

Table legend: (Time is in decaauts)
 A = Elapsed time spent in this place.
 B = Non-inter-level travel time spent in this place.
 C = Inter-level travel time spent in this place.
 D = Time resting spent in this place.
 E = Time spent auto-exploring this place.
 F = Levels seen in this place.
 G = Mean time per level.
                   A        B        C        D        E       F      G
               +--------+--------+--------+--------+--------+-----+--------+
         Total |   1342 |   1243 |     99 |    147 |      0 |   2 |  671.0 |
       Dungeon |   1342 |   1243 |     99 |    147 |      0 |   2 |  671.0 |
               +--------+--------+--------+--------+--------+-----+--------+

Top non-repeatable levels by time:
     D:1: 915 daAuts
     D:2: 427 daAuts
